 Dungeon Crawl Stone Soup version 0.19-a0-1168-g98094fc (webtiles) character file.

441 FrancescoMac the Skirmisher (level 6, -3/57 HPs)
             Began as a Minotaur Fighter on Aug 15, 2016.
             Slain by a centaur (8 damage)
             ... on level 5 of the Dungeon.
             The game lasted 00:07:45 (3405 turns).

FrancescoMac the Skirmisher (Minotaur Fighter)      Turns: 3405, Time: 00:07:47

Health: -3/57      AC:  8    Str: 26    XL:     6   Next: 70%
Magic:  5/5        EV: 12    Int:  5    God:
Gold:   206        SH: 10    Dex: 17    Spells: 0 memorised, 5 levels left

rFire  + . .     SeeInvis .     a - +1 war axe
rCold  x . .     Gourm    .     b - +1 scale mail
rNeg   . . .     Faith    .     c - +0 shield
rPois  .         Spirit   .     (helmet restricted)
rElec  .         Dismiss  .     (no cloak)
rCorr  .         Reflect  .     (no gloves)
MR     .....     Harm     .     (no boots)
Stlth  ..........               (no amulet)
                                x - ring of Veud {EV+5 Dex+6}
                                e - ring of fire

@: mighty
A: retaliatory headbutt, horns 2
a: no special abilities


You were on level 5 of the Dungeon.
You were not hungry.

You visited 2 branches of the dungeon, and saw 6 of its levels.

You collected 206 gold pieces.

Inventory:

Hand Weapons
 a - a +1 war axe (weapon)
Armour
 b - a +1 scale mail (worn)
 c - a +0 shield (worn)
Jewellery
 e - a ring of fire (left hand)
 x - the ring of Veud (right hand) {EV+5 Dex+6}
   (You found it on level 4 of the Dungeon)

   [ring of evasion]

   It affects your evasion (+5).
   It affects your dexterity (+6).
Scrolls
 i - a scroll of enchant weapon
 l - 2 scrolls of fog
 r - 4 scrolls of teleportation
Potions
 g - a potion of degeneration {unknown}
 h - a potion of lignification {unknown}
 j - 2 potions of haste
 k - 4 potions of magic
 m - a potion of experience {unknown}
 o - a potion of agility {unknown}
 p - a potion of curing {unknown}
 q - a potion of berserk rage {unknown}
 t - 2 potions of invisibility
 v - a potion of ambrosia {unknown}
 w - a potion of mutation {unknown}
Comestibles
 f - 5 bread rations
 n - 4 meat rations
 s - 4 fruits
 u - a chunk of flesh


   Skills:
 + Level 6.1 Fighting
 + Level 5.3 Axes
 + Level 6.0 Armour
 - Level 3.6 Shields


You had 5 spell levels left.
You didn't know any spells.

Dungeon Overview and Level Annotations

Branches:
Dungeon (5/15)             Temple (1/1) D:4

Altars:
Ashenzari
Cheibriados
Dithmenos
Elyvilon
Gozag
Kikubaaqudgha
Nemelex Xobeh
Pakellas
Qazlal
Ru
Uskayaw
Yredelemnul
Zin


Innate Abilities, Weirdness & Mutations

You reflexively headbutt those who attack you in melee.
You have a pair of horns on your head.


Message History

The centaur is severely wounded.
You slash the centaur! The centaur hits you.
* * * LOW HITPOINT WARNING * * *
The centaur closely misses you.
The centaur hits you but does no damage.
The centaur barely misses you. You furiously retaliate!
You headbutt the centaur.
Your scale mail prevents you from hitting the centaur.
The centaur is severely wounded.
You closely miss the centaur. You block the centaur's attack.
The centaur closely misses you. The centaur barely misses you.
The centaur hits you.
* * * LOW HITPOINT WARNING * * *
You closely miss the centaur. You headbutt the centaur.
You kill the centaur!
Your Fighting skill increases to level 6!
Your Armour skill increases to level 6!
You closely miss the centaur. You block the centaur's attack.
The centaur hits you!
You die...

#.## ###..# ####
....###...
.######..##..#
.........(#.# #.######
..$......(..#####......#
.......†(($..>.##.......
.......>...(##..........
.......@......#.........
....?.c)....#...........
........................
..........#..##.........
...#.....###.###........
#......### #.# ##.......
#####.. #.# #..##<.. #..
... ##..##..
......#..####


You could see a centaur.

Vanquished Creatures
  An ogre (D:4)
  A centaur (D:5)
  A giant frog zombie (D:4)
  A centaur skeleton (D:4)
  A killer bee zombie (D:5)
  A hound zombie (D:4)
  Robin (D:3)
  A worker ant zombie (D:4)
  A howler monkey skeleton (D:4)
  2 adders
  An ooze (D:1)
  An adder zombie (D:4)
  2 adder skeletons (D:4)
  2 worms
  2 dart slugs (D:2)
  7 giant geckos
  3 orcs (D:3)
  6 bats
  3 giant cockroaches
  19 goblins
  2 hobgoblins
  11 jackals
  5 quokkas
  5 giant newts
  9 kobolds
  2 quokka skeletons (D:4)
  4 rats
95 creatures vanquished.

Notes
Turn   | Place    | Note
-------+----------+-------------------------------------------
     0 | D:1      | FrancescoMac the Minotaur Fighter began the quest for the Orb.
     0 | D:1      | Reached XP level 1. HP: 19/19 MP: 0/0
   182 | D:1      | Reached XP level 2. HP: 23/27 MP: 1/1
   814 | D:2      | Found a shattered altar of Ashenzari.
   886 | D:2      | Reached XP level 3. HP: 33/33 MP: 2/2
  1797 | D:3      | Reached XP level 4. HP: 38/41 MP: 3/3
  1870 | D:3      | Noticed Robin
  1890 | D:3      | Killed Robin
  2244 | D:3      | Reached skill level 5 in Fighting
  2373 | D:3      | Found a stormy altar of Qazlal.
  2451 | D:4      | Reached skill level 5 in Armour
  2451 | D:4      | Reached XP level 5. HP: 48/48 MP: 4/4
  2486 | D:4      | Found a staircase to the Ecumenical Temple.
  2498 | Temple   | Entered the Ecumenical Temple
  2754 | D:4      | Found a shadowy altar of Dithmenos.
  2767 | D:4      | Found a hide-covered altar of Uskayaw.
  2968 | D:4      | Got a faintly glowing lapis lazuli ring
  2974 | D:4      | Identified the ring of Veud {EV+5 Dex+6} (You found it on level 4 of the Dungeon)
  3247 | D:5      | Entered Level 5 of the Dungeon
  3247 | D:5      | Noticed an ogre
  3255 | D:4      | Killed an ogre
  3255 | D:4      | Reached XP level 6. HP: 37/57 MP: 5/5
  3256 | D:4      | Reached skill level 5 in Axes
  3405 | D:5      | Slain by a centaur

Vault maps used:
D:1:      lemuel_arrival_rhombus
D:2:      ashenzari_altar_1, minmay_misc_feat_columns,
          minmay_misc_feat_nine_boxes
D:3:      lemuel_coloured_pillars_altar, uniq_robin
D:4:      eat_drink_and_be_merry_uskayaw, tgw_xom, lemuel_crystal_altar,
          serial_undead, serial_undead_c, serial_undead_e, serial_undead_c,
          serial_undead_e, kennysheep_cluttered_room,
          minmay_misc_feat_more_columns
D:5:      first_bread, nicolae_for_you_no_charge
Temple:   jpeg_temple_island

Skill      XL: |  1  2  3  4  5  6 |
---------------+-------------------+-----
Fighting       | 4 5 6 |  6.1
Armour         | 4 5 6 |  6.0
Axes           | 3 4 5 |  5.3
Shields        | |  3.6

Action                   |  1- 3 |  4- 6 || total
-------------------------+-------+-------++-------
Melee: War axe           |    97 |   111 ||   208
       Headbutt          |    10 |    26 ||    36
  Use: Scroll            |     8 |     4 ||    12
       Potion            |       |     1 ||     1
  Eat: Chunk             |     3 |     4 ||     7
       Pizza             |       |     1 ||     1
Armor: Scale mail        |    33 |    55 ||    88
Dodge: Dodged            |    27 |    57 ||    84
Block: Shield            |    55 |    67 ||   122
